Map: Dusk Towers

Players

xKawaiian

  • Race: Terran Terran
  • League: Master

IIllIIlIllll - Winner!

  • Race: Protoss Protoss
  • League: Grandmaster

VOD

Have the link to the VOD?

Description

Time

  • Played on: Jan. 12, 2016, 10:01 p.m.
  • Length: 16:43
Show
View Real Time Build Order
Export as new Build Order

xKawaiian Terran 

Build Orders: MMM Bio 

Get SALT Encoding   

  12  0:01  SCV  
  13  0:13  SCV  
  14  0:17  Supply Depot  
  14  0:25  SCV  
  15  0:39  SCV  
  15  0:41  Barracks  
  16  0:46  Refinery  
  16  0:51  SCV  
  17  1:03  SCV  
  18  1:15  SCV  
  19  1:28  Orbital Command  
  19  1:31  Marine  
  20  1:41  Command Center  
  20  1:48  Marine  
  20  1:53  Supply Depot  
  22  1:54  SCV  
  22  2:02  Factory  
  22  2:06  SCV  
  23  2:13  Barracks Tech Lab  
  23  2:18  SCV  
  24  2:30  SCV  
  25  2:42  SCV  
  26  2:45  Refinery  
  26  2:48  Command Center  
  26  2:52  Orbital Command  
  26  2:58  Marine  
  27  3:07  SCV  
  27  3:09  Cyclone  
  31  3:16  Marine  
  31  3:19  SCV x2  
  34  3:29  Starport  
  34  3:31  SCV x2  
  34  3:34  Marine  
  37  3:39  Supply Depot  
  37  3:43  SCV x2  
  39  3:49  Supply Depot  
  39  3:51  Marine  
  39  3:54  Refinery  
  41  3:55  SCV x2, Refinery  
  41  3:57  Cyclone  
  45  4:04  Liberator, Orbital Command  
  45  4:07  SCV  
  46  4:11  SCV  
  47  4:17  Marine  
  47  4:18  Supply Depot  
  47  4:19  SCV  
  52  4:24  SCV  
  52  4:30  SCV  
  54  4:34  SCV  
  54  4:37  SCV  
  56  4:42  SCV  
  56  4:45  Barracks x2  
  57  4:46  SCV  
  57  4:48  Supply Depot  
  57  4:49  SCV  
  57  4:51  Stimpack  
  57  4:52  Factory Reactor  
  59  4:54  SCV, Marine  
  59  4:58  SCV  
  62  5:01  SCV  
  62  5:06  SCV, Starport Reactor  
  64  5:10  SCV  
  64  5:13  SCV, Engineering Bay  
  66  5:15  Engineering Bay  
  66  5:16  Marauder  
  66  5:18  SCV  
  69  5:22  SCV  
  69  5:23  Supply Depot  
  69  5:26  SCV  
  71  5:31  SCV  
  71  5:33  Supply Depot  
  72  5:37  Barracks Tech Lab  
  72  5:39  Factory Reactor, Barracks  
  72  5:46  SCV, Marauder, Marine x2  
  72  5:47  SCV  
  78  5:53  Barracks  
  78  5:54  Terran Infantry Weapons Level 1, Terran Infantry Armor Level 1, Orbital Command  
  78  5:58  Marine  
  78  6:03  Marine x2  
  81  6:05  Missile Turret  
  81  6:06  Missile Turret  
  81  6:07  Marauder  
  81  6:08  Combat Shields  
  80  6:11  Medivac x2  
  80  6:12  SCV  
  80  6:16  Marauder  
  80  6:17  Widow Mine x2  
  91  6:20  SCV  
  91  6:21  SCV  
  93  6:26  Barracks Reactor, Missile Turret  
  93  6:30  SCV  
  93  6:32  SCV  
  95  6:34  Armory  
  95  6:35  Marine  
  95  6:36  Marine x2  
  98  6:41  Marine  
  98  6:42  Refinery, Marauder  
  98  6:43  Refinery  
  98  6:52  SCV x2  
  98  6:53  Marine x2  
  102  6:54  Marauder  
  102  6:59  Marine, Medivac x2  
  109  7:09  SCV, Marauder  
  109  7:10  Supply Depot  
  109  7:12  Missile Turret  
  109  7:14  Supply Depot  
  109  7:18  Concussive Shells  
  109  7:19  Barracks Reactor  
  109  7:20  SCV, Marine x3, Widow Mine x2  
  117  7:31  Command Center, SCV x2  
  117  7:32  Supply Depot, SCV  
  120  7:37  Marine x2  
  120  7:38  Marine, Marauder  
  120  7:41  Medivac  
  120  7:43  SCV  
  128  7:45  SCV  
  128  7:48  Widow Mine x2  
  133  7:54  SCV  
  133  7:55  Barracks  
  133  7:56  Barracks, Marauder  
  133  7:58  Starport  
  136  8:02  Marine x2, Fusion Core  
  138  8:06  Marauder  
  138  8:09  Marine  
  141  8:14  Missile Turret  
  141  8:15  Supply Depot  
  141  8:18  Terran Vehicle And Ship Armor Level 1, Supply Depot  
  141  8:19  Liberator x2  
  141  8:30  Supply Depot  
  141  8:36  Marine x2  
  141  8:39  Marine, Terran Infantry Weapons Level 2, Widow Mine x2  
  154  8:45  Terran Infantry Armor Level 2  
  154  8:48  Starport Tech Lab  
  154  8:49  Barracks Tech Lab  
  152  8:57  Marine  
  152  8:58  Marauder  
  152  9:02  SCV x2, Liberator  
  157  9:10  Planetary Fortress  
  157  9:11  SCV  
  157  9:14  Marauder, Marine  
  157  9:16  Missile Turret  
  161  9:17  Advanced Ballistics, Missile Turret  
  161  9:19  SCV  
  161  9:20  SCV  
  161  9:22  Marine  
  167  9:26  Marine x2  
  167  9:27  Marauder  
  167  9:29  Marine x2  
  167  9:31  Widow Mine x2  
  173  9:33  Marine  
  173  9:37  Refinery  
  178  9:38  Refinery  
  169  9:52  Medivac x2  
  167  9:54  Marauder, Marine  
  167  9:59  Marine  
  175  10:00  Barracks Reactor, Marauder  
  175  10:02  SCV x2, Medivac  
  175  10:04  SCV  
  180  10:12  Command Center  
  180  10:26  Supply Depot  
  180  10:27  Marauder  
  180  10:28  Liberator, Marauder  
  180  10:29  Supply Depot, SCV, Marine  
  180  10:44  Marine  
  180  10:45  Medivac, Marine x3  
  180  10:47  Medivac, Widow Mine x2  
  180  10:48  Marauder  
  196  10:51  Marauder x2  
  200  10:58  Liberator  
  200  11:00  Terran Infantry Weapons Level 3  
  200  11:02  Supply Depot x2, Terran Infantry Armor Level 3  
  200  11:14  Marauder, Marine  
  200  11:15  Widow Mine  
  198  11:20  Liberator  
  198  11:21  Marauder  
  198  11:24  Missile Turret  
  200  11:27  Supply Depot, Missile Turret  
  197  11:33  Marine x3  
  197  11:34  Terran Vehicle And Ship Armor Level 2  
  198  11:45  Marine  
  198  11:46  Marauder x2  
  197  11:50  Command Center  
  197  11:51  Marine  
  197  11:52  Marine, Marauder  
  154  11:56  Marine x4  
  154  11:57  Marine  
  159  12:01  SCV  
  159  12:03  Marine  
  159  12:04  Supply Depot  
  159  12:07  Marauder x2  
  165  12:09  Marine  
  165  12:10  Planetary Fortress  
  165  12:12  Marine  
  165  12:13  Marauder  
  169  12:16  Marine x2  
  171  12:22  Marine  
  171  12:23  Marine x2  
  171  12:24  Widow Mine, Medivac x2  
  171  12:28  Marauder x2  
  184  12:30  Widow Mine  
  184  12:33  Marine x3  
  184  12:34  Marauder  
  191  12:41  Marine x2  
  191  12:42  Marine  
  190  12:46  Marine x2  
  190  12:50  Marine, Marauder x2  
  190  12:53  Widow Mine  
  190  12:56  Starport x2, Marauder  
  190  12:58  Viking x2  
  194  13:04  Viking, Marine x2  
  194  13:05  Marine  
  194  13:11  Marauder x2  
  184  13:14  Marine x2  
  184  13:15  Marine  
  184  13:17  Marine, Marauder  
  177  13:24  Planetary Fortress  
  177  13:27  SCV  
  177  13:28  Viking x2  
  177  13:29  Marine x2  
  177  13:30  Marine  
  177  13:31  Marine  
  177  13:32  Marauder, Marine  
  177  13:33  Marauder  
  183  13:39  Marauder  
  181  13:45  Medivac  
  181  13:47  Viking x2  
  174  13:50  Terran Vehicle Weapons Level 1  
  174  13:51  Marine  
  174  13:53  Marine x2  
  174  13:54  Marauder x2  
  169  13:57  Marine  
  169  13:58  Marine  
  169  14:00  Marine, Medivac, Marauder  
  169  14:01  Marine  
  153  14:08  Marine  
  153  14:09  Marine  
  151  14:10  Marine  
  151  14:11  Marine  
  151  14:14  Viking, Marine  
  151  14:15  Viking, Marauder x2  
  151  14:16  Marine  
  157  14:18  Marine x2  
  157  14:21  Marauder  
  157  14:26  Marine  
  157  14:27  Marine  
  157  14:28  Marine x2  
  152  14:32  Marine  
  152  14:33  Marine  
  152  14:36  Marine x2  
  152  14:37  Marauder x2  
  147  14:43  Marauder  
  147  14:44  Marine  
  147  14:45  Marine  
  146  14:46  Marine x2  
  146  14:50  Marine  
  146  14:51  Marine  
  147  14:54  Marine x2  
  147  14:55  SCV  
  147  14:58  Liberator, Marauder x2  
  154  15:02  Marine x2  
  154  15:04  Marauder, Marine x2  
  160  15:08  Marine  
  160  15:09  Marine  
  160  15:12  Marine x2  
  164  15:19  Marauder x2  
  164  15:20  Marine x2  
  173  15:24  Marine x2  
  173  15:26  Marauder  
  174  15:32  Marine x2  
  174  15:33  Marine x2  
  168  15:41  Marauder x2  
  160  15:46  Marine  
  160  15:47  Marauder, Marine  
  152  15:51  Medivac x2  
  152  15:56  Marine x3  
  155  16:01  SCV  
  155  16:02  Marauder x2  
  156  16:04  Marine x2  
  156  16:08  Marauder  
  156  16:10  Medivac  
  158  16:15  Marine  
  159  16:20  Marine  
Show
View Real Time Build Order
Export as new Build Order

IIllIIlIllll Protoss - Winner!

Build Orders: 1 Gate Expand, Phoenix Opening 

Get SALT Encoding   

  12  0:01  Probe (Chrono Boost)  
  13  0:11  Probe (Chrono Boost)  
  14  0:19  Pylon  
  14  0:22  Probe (Chrono Boost)  
  15  0:37  Probe (Chrono Boost)  
  15  0:39  Gateway  
  16  0:48  Probe (Chrono Boost)  
  17  0:58  Probe (Chrono Boost)  
  18  1:11  Nexus  
  18  1:18  Assimilator  
  18  1:20  Probe (Chrono Boost)  
  19  1:28  Cybernetics Core  
  19  1:32  Probe (Chrono Boost)  
  20  1:36  Assimilator  
  20  1:43  Probe (Chrono Boost)  
  20  1:46  Pylon  
  21  1:53  Probe (Chrono Boost)  
  22  2:04  Probe (Chrono Boost), Adept (Chrono Boost)  
  22  2:07  Warp Gate (Chrono Boost)  
  25  2:13  Pylon  
  25  2:15  Probe (Chrono Boost)  
  25  2:22  Probe (Chrono Boost)  
  26  2:28  Mothership Core (Chrono Boost)  
  29  2:33  Probe (Chrono Boost)  
  31  2:44  Probe (Chrono Boost), Robotics Facility  
  31  2:46  Probe (Chrono Boost)  
  32  2:53  Probe (Chrono Boost)  
  32  2:57  Probe (Chrono Boost)  
  34  3:03  Probe  
  35  3:08  Probe  
  35  3:11  Stargate  
  36  3:14  Probe  
  37  3:20  Gateway  
  37  3:21  Probe  
  37  3:22  Gateway  
  37  3:24  Probe  
  39  3:30  Observer (Chrono Boost)  
  40  3:34  Pylon  
  40  3:35  Probe  
  40  3:36  Probe  
  42  3:43  Pylon  
  42  3:47  Probe  
  42  3:48  Probe, Observer  
  45  3:57  Phoenix (Chrono Boost)  
  45  3:59  Probe  
  45  4:00  Probe  
  49  4:05  Assimilator  
  49  4:06  Assimilator  
  49  4:10  Pylon  
  49  4:11  Probe  
  49  4:12  Probe  
  49  4:16  Warp Prism  
  51  4:19  Phoenix (Chrono Boost)  
  51  4:23  Probe  
  56  4:28  Probe  
  57  4:36  Probe  
  58  4:40  Probe  
  58  4:41  Phoenix (Chrono Boost)  
  61  4:48  Immortal  
  61  4:54  Nexus  
  61  4:55  Probe  
  61  4:56  Probe  
  67  5:08  Probe, Forge  
  67  5:10  Twilight Council  
  67  5:11  Probe  
  67  5:12  Pylon  
  69  5:16  Pylon  
  69  5:20  Probe  
  70  5:23  Probe  
  71  5:29  Phoenix (Chrono Boost)  
  71  5:32  Probe  
  75  5:35  Probe  
  75  5:44  Probe  
  75  5:46  Gateway  
  75  5:47  Gateway, Probe  
  75  5:48  Resonating Glaives (Chrono Boost), Gateway  
  76  5:56  Probe  
  77  5:59  Probe  
  77  6:02  Protoss Ground Armor Level 1  
  75  6:08  Probe  
  75  6:09  Probe  
  75  6:10  Immortal  
  77  6:12  Probe  
  82  6:18  Gateway x2  
  82  6:20  Probe  
  82  6:22  Gateway  
  82  6:25  Gateway  
  83  6:28  Probe  
  84  6:34  Probe  
  84  6:35  Assimilator x2  
  85  6:40  Probe  
  85  6:44  Immortal  
  86  6:48  Probe  
  86  6:54  Templar Archives  
  91  6:57  Photon Cannon  
  91  6:58  Photon Cannon  
  91  6:59  Pylon  
  91  7:12  Adept x6  
  91  7:15  Probe x2  
  105  7:24  Immortal  
  105  7:29  Sentry x2  
  113  7:35  Psionic Storm  
  112  7:47  Nexus  
  112  7:48  High Templar  
  112  7:49  Adept  
  116  7:52  Pylon x2  
  116  7:55  Pylon  
  116  7:57  Pylon  
  116  8:06  Assimilator  
  116  8:07  Probe  
  116  8:10  Probe x2, Photon Cannon  
  116  8:12  High Templar x3, Assimilator  
  125  8:13  Photon Cannon  
  125  8:14  Protoss Ground Weapons Level 1 (Chrono Boost)  
  125  8:18  Photon Cannon  
  125  8:19  Probe, Photon Cannon  
  126  8:20  Pylon  
  126  8:22  Probe  
  126  8:26  Forge  
  127  8:33  High Templar  
  129  8:36  High Templar  
  129  8:38  Photon Cannon  
  129  8:40  Photon Cannon  
  131  8:52  Photon Cannon  
  131  9:12  Pylon  
  131  9:16  High Templar x2  
  135  9:17  Adept x8  
  151  9:35  Protoss Ground Armor Level 2 (Chrono Boost)  
  150  9:57  Stargate, Oracle (Chrono Boost)  
  150  9:59  Stargate  
  153  10:02  Fleet Beacon  
  153  10:09  Nexus  
  153  10:12  Pylon  
  153  10:13  Protoss Ground Weapons Level 2 (Chrono Boost)  
  153  10:14  Pylon  
  153  10:18  Protoss Air Weapons Level 1  
  153  10:20  Pylon  
  153  10:24  High Templar  
  153  10:25  High Templar  
  153  10:27  Pylon  
  153  10:41  Observer  
  154  10:45  Tempest (Chrono Boost)  
  154  10:49  Tempest (Chrono Boost)  
  162  10:55  Assimilator  
  162  10:58  Tempest (Chrono Boost)  
  162  10:59  Assimilator  
  162  11:02  Photon Cannon  
  162  11:03  Observer  
  167  11:04  Photon Cannon  
  167  11:08  Photon Cannon  
  165  11:11  Photon Cannon  
  165  11:14  Archon  
  152  11:25  Adept x2  
  152  11:26  Adept x5  
  152  11:32  Adept x3  
  156  11:56  Tempest x2 (Chrono Boost), Oracle (Chrono Boost)  
  156  12:00  Probe  
  166  12:01  Probe  
  166  12:02  Probe  
  169  12:11  High Templar  
  169  12:12  High Templar  
  173  12:22  Probe  
  173  12:24  Probe  
  173  12:25  Probe x2  
  173  12:28  Tempest (Chrono Boost)  
  181  12:33  Dark Shrine  
  179  12:38  Oracle (Chrono Boost)  
  182  12:45  Adept x2  
  182  12:46  Adept x7  
  191  13:20  Tempest (Chrono Boost)  
  191  13:21  Tempest (Chrono Boost)  
  192  13:40  Oracle (Chrono Boost)  
  190  13:52  Dark Templar  
  190  13:53  Dark Templar x3  
  194  13:57  Oracle (Chrono Boost)  
  194  13:58  Tempest (Chrono Boost)  
  194  14:00  Archon x2  
  194  14:01  Archon  
  193  14:11  Tempest (Chrono Boost)  
  193  14:23  Zealot x4  
  193  14:24  Zealot  
  195  14:32  High Templar x4  
  195  14:35  Tempest (Chrono Boost)  
  173  15:25  Adept x4  
  173  15:26  Adept x6  
  185  15:40  Tempest x3 (Chrono Boost)  
  173  15:51  Nexus  
  173  16:01  Stalker x2  
  173  16:02  Stalker x5  
  187  16:09  Pylon  
  187  16:10  Pylon  
  183  16:12  Pylon  
  183  16:13  Stalker x2  
Tags
 
Add a new tag
Caveats
  • Supply blocks, unpowered buildings, or Contaminate may cause inaccurate times.
  • Supply counts are checked every 10 seconds.